 Dungeon Crawl Stone Soup version bcrawl-1.31.4 (webtiles) character file.

Game seed: 1926170626220425616

234404 Morbidden the Skirmisher (level 9, 0/72 HPs)
             Began as a Formicid Archaeologist on May 27, 2021.
             Slain by an orc
             ... wielding the cursed +1 mace of the Volcano {crush, rElec rN+ MR+}
              (1 damage)
             ... on level 6 of the Dungeon.
             The game lasted 00:09:24 (6247 turns).

Morbidden the Skirmisher (Formicid Archaeologist)   Turns: 6247, Time: 00:09:24

Health: 0/72       AC: 19    Str: 30    XL:     9   Next: 30%
Magic:  9/9        EV: 10    Int: 18    God:
Gold:   151        SH:  0    Dex:  9    Spells: 8/8 levels left

rFire    . . .     SeeInvis +   F - +0 short sword
rCold    . . .     Gourm    .   (no shield)
rNeg     . . .     Faith    .   k - +0 chain mail
rPois    .         Spirit   .   (helmet unavailable)
rElec    .         Reflect  .   (no cloak)
rCorr    .         Harm     .   g - +0 pair of gloves {Str+3}
MR       .....                  d - +1 pair of boots
Stlth    ..........             (no amulet)
HPRegen  0.22/turn              D - +5 ring of protection
MPRegen  0.11/turn              C - +8 ring of strength

@: sluggish, very slow
A: permanent stasis, dig shafts and tunnels, four strong arms, antennae 3,
clever 2, shaggy fur 1
a: Dig, Shaft Self


You were on level 6 of the Dungeon.
You were hungry.

You visited 1 branch of the dungeon, and saw 6 of its levels.

You collected 351 gold pieces.
You spent 200 gold pieces at shops.

Inventory:

Hand Weapons
 a - a +0 shortbow
 b - a +0 blowgun
 y - a +0 scythe
 F - a +0 short sword (weapon)
Missiles
 h - 5 curare-tipped needles
 t - 205 poisoned needles
 G - 838 arrows
Armour
 d - a +1 pair of boots (worn)
 g - a +0 pair of gloves of strength (worn)
 k - a +0 chain mail (worn)
Jewellery
 C - a +8 ring of strength (right hand)
 D - a +5 ring of protection (left hand)
 E - an uncursed ring of poison resistance
 J - a +7 ring of intelligence
Wands
 p - a wand of acid (4)
 I - a wand of iceblast (8)
Scrolls
 f - a scroll of magic mapping
 i - 7 scrolls of identify
 l - 3 scrolls of remove curse
 m - a scroll of immolation {unknown}
 n - 3 scrolls of blinking {unknown}
 u - 3 scrolls of teleportation {unknown}
 v - 4 scrolls of fear {unknown}
 w - a scroll of enchant armour {unknown}
 x - 2 scrolls of amnesia {unknown}
 B - 2 scrolls of enchant weapon {unknown}
 H - a scroll of fog {unknown}
Potions
 j - 2 potions of might
 o - a potion of flight
 r - a potion of mutation
 s - a potion of resistance
 z - a potion of haste
Comestibles
 e - 12 rations {!d}
 L - a chunk of flesh


   Skills:
 * Level 7.1 Fighting
 + Level 2.5 Short Blades
   Level 2.4(3.8) Axes
   Level 1.1(2.0) Maces & Flails
 + Level 4.3(4.7) Polearms
 + Level 4.3 Bows
 + Level 4.5 Armour
 + Level 3.7 Dodging
 + Level 4.5 Stealth


You had 8 spell levels left.
You didn't know any spells.
Your spell library was empty.

Dungeon Overview and Level Annotations

Branches:
Dungeon (6/12)
 Temple: D:4-7

Altars:
Dithmenos
Kikubaaqudgha
Makhleb
Okawaru
Ru
Trog
Uskayaw
Wu Jian
Xom
Yredelemnul
Zin
The Shining One

Shops:
D:4 *

Annotations:
D:3 3 runed translucent doors, Maksi666's ghost, amateur EnBe


Innate Abilities, Weirdness & Mutations

You cannot be hasted, slowed, berserked, paralysed or teleported.
You can dig through walls and to a lower floor.
Your four strong arms can wield two-handed weapons with a shield.
You have a pair of large antennae on your head. (SInv)
Your mind is very acute. (Int +4)
You are covered in fur. (AC +1)


Message History

The orc wizard hits you but does no damage.
The orc closely misses you.
The orc priest calls upon Beogh to heal the orc wizard.
The orc wizard's wounds heal themselves!
Unknown command.
Unknown command.
Okay, then.
As you read the scroll labeled USOURI RIUS, it crumbles to dust.
You feel blessed for a moment.
It was a scroll of remove curse.
The orc wizard hits you but does no damage.
The orc barely misses you. The orc hits you but does no damage.
Ssssck.
* * * LOW HITPOINT WARNING * * *
Unknown command.
Unknown command.
Unknown command.
Okay, then.
Unknown command.
Unknown command.
The orc hits you with the cursed +1 mace of the Volcano {crush, rElec rN+ MR+}.
You die...

#
#..............#
#
#..##..........#
#
#..##..........#
#
#...'..........#
#
#.###..........#
# #.#
#..........#
#######.#
#..........####
........#
#....)ooc......
#########
#..)..@oo......
##########.....
.... ... .. .


You could see a centaur, an orc priest, an orc wizard and 2 orcs.

Vanquished Creatures
  A hippogriff (D:6)
  Sigmund (D:3)
  3 sky beasts
  2 ogres
  5 centaurs
  A bullfrog (D:6)
  A scorpion (D:6)
  A crimson imp (D:5)
  A hound (D:5)
  A centaur zombie (D:3)
  3 centaur skeletons
  2 bullfrog zombies (D:6)
  2 orc wizards (D:3)
  2 worker ants (D:4)
  4 adders
  An ooze (D:2)
  4 worms
  A dart slug (D:1)
  3 leopard geckos
  7 orcs (D:3)
  3 ball pythons
  7 giant cockroaches
  4 goblins (D:1)
  10 hobgoblins
  11 jackals
  8 kobolds
  4 quokkas
  6 bats
  5 frilled lizards
  A jackal skeleton (D:5)
  5 rats
110 creatures vanquished.

Notes
Turn   | Place    | Note
-------+----------+-------------------------------------------
     0 | D:1      | Morbidden the Formicid Archaeologist began the quest for
                  | the Orb.
     0 | D:1      | Reached XP level 1. HP: 15/15 MP: 1/1
   179 | D:1      | Found a shimmering altar of Xom.
   196 | D:1      | Reached XP level 2. HP: 21/21 MP: 2/2
   484 | D:1      | Reached XP level 3. HP: 22/26 MP: 3/3
  1377 | D:2      | Reached skill level 1 in Short Blades
  1377 | D:2      | Reached XP level 4. HP: 30/32 MP: 4/4
  1834 | D:2      | Reached skill level 2 in Fighting
  2155 | D:3      | Noticed Sigmund
  2172 | D:3      | Killed Sigmund
  2173 | D:3      | Reached skill level 4 in Fighting
  2173 | D:3      | Reached skill level 1 in Armour
  2173 | D:3      | Reached XP level 5. HP: 30/42 MP: 5/5
  2173 | D:3      | Reached XP level 6. HP: 35/48 MP: 6/6
  2173 | D:3      | Identified a scroll of acquirement
  2173 | D:3      | Identified the amulet "Nifroaga" {RegenMP *Corrode rElec
                  | rN+++ Int+3} (You acquired it on level 3 of the Dungeon)
  2294 | D:3      | Found a runed translucent gate.
  2296 | D:3      | Found a runed translucent gate.
  2296 | D:3      | Found a runed translucent gate.
  2296 | D:3      | Noticed Maksi666's ghost (amateur EnBe)
  2346 | D:3      | Found an ornate altar of the Wu Jian Council.
  2697 | D:3      | Found a glowing golden altar of the Shining One.
  2700 | D:3      | Noticed an angel
  2799 | D:3      | Noticed an ogre
  2803 | D:3      | Killed an ogre
  2804 | D:3      | Reached skill level 5 in Fighting
  2804 | D:3      | Reached skill level 1 in Polearms
  2804 | D:3      | Reached XP level 7. HP: 3/56 MP: 7/7
  3277 | D:3      | Found a basalt altar of Yredelemnul.
  3280 | D:3      | Noticed a profane servitor
  3964 | D:4      | Found a glowing silver altar of Zin.
  4153 | D:4      | Found Lapt's Assorted Antiques.
  4161 | D:4      | Bought a twisted bronze ring for 100 gold pieces
  4161 | D:4      | Bought a notched marble ring for 100 gold pieces
  4710 | D:5      | Entered Level 5 of the Dungeon
  4725 | D:5      | Found an ancient bone altar of Kikubaaqudgha.
  4725 | D:5      | Found a bloodstained altar of Trog.
  4739 | D:5      | Reached XP level 8. HP: 48/63 MP: 8/8
  4875 | D:5      | Found a sacrificial altar of Ru.
  5161 | D:5      | Reached skill level 1 in Axes
  5415 | D:5      | Reached skill level 1 in Bows
  5623 | D:6      | Reached skill level 6 in Fighting
  5632 | D:6      | Found an iron altar of Okawaru.
  5785 | D:6      | Reached XP level 9. HP: 63/71 MP: 9/9
  5857 | D:6      | Found a shadowy altar of Dithmenos.
  5882 | D:6      | Found a burning altar of Makhleb.
  5886 | D:6      | Found a hide-covered altar of Uskayaw.
  5971 | D:6      | Noticed a hippogriff
  5984 | D:6      | Killed a hippogriff
  5985 | D:6      | Reached skill level 7 in Fighting
  6218 | D:6      | Identified the cursed +1 mace of the Volcano {crush, rElec
                  | rN+ MR+}
  6237 | D:6      | Gained mutation: You are covered in fur. (AC +1) [potion of
                  | mutation]
  6237 | D:6      | Gained mutation: Your mind is acute. (Int +2) [potion of
                  | mutation]
  6237 | D:6      | Gained mutation: Your mind is very acute. (Int +4) [potion
                  | of mutation]
  6243 | D:6      | HP: 3/72 [orc/the cursed +1 mace of the Volcano {crush,
                  | rElec rN+ MR+} (2)]
  6243 | D:6      | HP: 1/72 [orc/+0 flail (2)]
  6247 | D:6      | Slain by an orc

Skill      XL: |  1  2  3  4  5  6  7  8  9 |
---------------+----------------------------+-----
Dodging        | 3 |  3.7
Short Blades   | 1 2 |  2.5
Fighting       | 4 5 6 7 |  7.1
Armour         | 1 2 3 4 |  4.5
Polearms       | 1 3 4 |  4.3
Axes           | 2 |  2.4
Bows           | 2 4 |  4.3
Maces & Flails | |  1.1
Stealth        | |  4.5

Action                   |  1- 3 |  4- 6 |  7- 9 || total
-------------------------+-------+-------+-------++-------
Melee: Whip              |    70 |       |       ||    70
       Short sword       |   118 |   105 |    36 ||   259
       Scythe            |       |    74 |    92 ||   166
       War axe           |       |       |    48 ||    48
 Fire: Blowgun           |       |    69 |     2 ||    71
       Shortbow          |       |       |    67 ||    67
  Use: Scroll            |       |     1 |     3 ||     4
       Potion            |       |       |     7 ||     7
 Stab: Distracted        |       |     1 |       ||     1
  Eat: Chunk             |     7 |    12 |    17 ||    36
       Ration            |       |       |     1 ||     1
Armor: Robe              |    19 |       |       ||    19
       Chain mail        |   101 |   136 |   205 ||   442
Dodge: Dodged            |    96 |   104 |   177 ||   377
